 Dungeon Crawl Stone Soup version 0.28-a0-410-gbef64dd269 (webtiles) character file.

Game seed: 10689887461934626571

14186 olmar the Basher (level 12, -6/77 HPs)
             Began as a Gargoyle Fighter on Sept 6, 2021.
             Was a Priest of Wu Jian.
             Killed from afar by a rakshasa (9 damage)
             ... with a lance of force
             ... on level 13 of the Dungeon.
             The game lasted 00:28:37 (14515 turns).

olmar the Basher (Gargoyle Fighter)                Turns: 14515, Time: 00:28:38

Health: -6/77      AC: 27    Str: 22 (24) XL:     12   Next: 13%
Magic:  12/12      EV:  8    Int: 12 (13) God:    Wu Jian [***...]
Gold:   580        SH:  5    Dex:  6 (9)  Spells: 11/11 levels left

rFire   + . .      SeeInvis +   q - +4 whip
rCold   + + .      Faith    .   c - +0 buckler
rNeg    + . .      Spirit   .   e - +1 chain mail
rPois   ∞          Reflect  .   P - +2 hat
rElec   +          Harm     .   (no cloak)
rCorr   +          Rampage  .   F - +0 pair of gloves
Will    .....                   p - +0 pair of boots
Stlth   ..........              (no amulet)
HPRegen 0.22/turn               u - ring of protection from fire
MPRegen 0.13/turn               M - ring "Xol Pew" {Ice rCorr Int+3 SInv}

@: resistant, attractive, hasted, very quick
A: sickness immunity, AC +8, negative energy resistance 1, electricity
resistance, torment resistance 1, petrification resistance
a: Renounce Religion, Wall Jump, Serpent's Lash


You were on level 13 of the Dungeon.
You worshipped Wu Jian.
Wu Jian was most pleased with you.
You visited 1 branch of the dungeon, and saw 12 of its levels.

You collected 580 gold pieces.

Inventory:

Hand Weapons
 a - a +0 flail
 q - a +4 whip (weapon)
 r - the +6 hand axe "Uroapsig" {venom, Int+3}
   (You took it off a kobold demonologist on level 10 of the Dungeon)

   It poisons the flesh of those it strikes.
   Int:       It affects your intelligence (+3).
 L - a +1 whip of pain
Armour
 b - a +0 scale mail
 c - a +0 buckler (worn)
 e - a +1 chain mail (worn)
 p - a +0 pair of boots (worn)
 F - a +0 pair of gloves (worn)
 N - a +0 kite shield
 P - a +2 hat (worn)
Jewellery
 u - a ring of protection from fire (left hand)
 v - a ring of flight
 I - a +4 ring of evasion
 M - the ring "Xol Pew" (right hand) {Ice rCorr Int+3 SInv}
   (You found it on level 9 of the Dungeon)

   [ring of ice]

   It enhances your ice magic.
   Int:       It affects your intelligence (+3).
   rF:        It makes you vulnerable to fire.
   rC:        It protects you from cold.
   SInv:      It lets you see invisible.
   rCorr:     It protects you from acid and corrosion.
Wands
 n - a wand of flame (2)
 O - a wand of polymorph (3)
Scrolls
 g - 2 scrolls of enchant armour
 i - a scroll of brand weapon {unknown}
 k - a scroll of teleportation
 l - a scroll of magic mapping {unknown}
 x - a scroll of blinking {unknown}
 y - a scroll of immolation {unknown}
 A - a scroll of acquirement {unknown}
 D - a scroll of enchant weapon {unknown}
 E - a scroll of noise
 K - a scroll of vulnerability {unknown}
Potions
 h - 2 potions of haste
 o - a potion of brilliance
 s - 2 potions of lignification
 t - 2 potions of flight
 w - a potion of cancellation
 z - 2 potions of magic


   Skills:
 + Level 9.8 Fighting
 + Level 12.2 Maces & Flails
 + Level 0.3 Throwing
 + Level 11.8 Armour
 + Level 8.0 Shields


You had 11 spell levels left.
You didn't know any spells.
Your spell library contained the following spells:

 Spells                   Type           Power      Damage    Failure   Level
 Ensorcelled Hibernation  Hex/Ice        0%         N/A       95%         2
 Ignite Poison            Fire/Tmut/Pois 0%         N/A       99%         3
 Mephitic Cloud           Conj/Pois/Air  0%         N/A       99%         3
 Summon Guardian Golem    Hex/Summ       0%         N/A       99%         3
 Tukima's Dance           Hex            0%         N/A       99%         3
 Freezing Cloud           Conj/Ice/Air   0%         6-21      100%        5
 Orb of Destruction       Conj           0%         N/A       100%        7
 Spellforged Servitor     Conj/Summ      0%         N/A       100%        7


Dungeon Overview and Level Annotations

Branches:
Dungeon (11/15)            Temple (0/1) D:5            Lair (0/6) D:10
    Orc: D:9-12

Altars:
Dithmenos
Hepliaklqana
Makhleb
Nemelex Xobeh
Qazlal
Sif Muna
Uskayaw
Wu Jian
Xom

Shops:
D:4 (   D:6 =

Annotations:
D:8 3 runed translucent doors, speeev33's ghost, novice HOFi


Innate Abilities, Weirdness & Mutations

You are immune to sickness and miasma.
Your stone body is resilient. (AC +8)
You are immune to poison.
You resist negative energy. (rN+)
You are resistant to electric shocks. (rElec)
You are resistant to unholy torment.
You are immune to petrification.


Message History

You completely miss the rakshasa.
Unknown command.
You closely miss the rakshasa.
The tengu warrior is attracted toward you.
Unknown command.
You hit the rakshasa.
The rakshasa is lightly wounded.
You feel a little less mighty now.
The rakshasa hits you but does no damage.
Unknown command.
You hit the rakshasa but do no damage.
The rakshasa is lightly wounded.
Unknown command.
You hit the rakshasa.
The rakshasa is lightly wounded.
The tengu warrior is attracted toward you.
Unknown command.
You miss the rakshasa.
The rakshasa is lightly wounded.
The tengu warrior seems to regain its courage.
The rakshasa hits you with a +0 trident.
* * * LOW HITPOINT WARNING * * *
Unknown command.
You hit the rakshasa.
The rakshasa is lightly wounded.
The tengu warrior hits you with a +0 long sword.
* * * LOW HITPOINT WARNING * * *
The tengu warrior completely misses you.
You block the tengu warrior's attack.
Unknown command.
You hit the rakshasa.
The rakshasa is lightly wounded.
You feel less wooden.
Your +2 hat unmelds from your body.
Your +0 pair of gloves unmelds from your body.
Your +0 pair of boots unmelds from your body.
Your +1 chain mail unmelds from your body.
The rakshasa gestures at you. The lance of force hits you!
You die...

. .... .......
.......
####.......
#@R........
####Q##.......
#...§.........
#.............
#.............
#.........##.#
#.........#
...........#
#...........#


You could see a rakshasa and a tengu warrior.

Vanquished Creatures
  Josephine (D:10)
  A boulder beetle (D:11)
  4 two-headed ogres
  A tengu warrior (D:13)
  Nergalle (D:10)
  3 centaur zombies
  An unseen horror (D:8)
  A kobold demonologist (D:10)
  A troll (D:10)
  2 hornets
  A slime creature (D:10)
  Sigmund (D:4)
  3 wraiths
  2 wyverns
  3 basilisks
  4 yaks
  3 vampire mosquitoes (D:13)
  A steam dragon (D:10)
  2 water moccasins (D:9)
  3 acid dragons
  Duvessa (D:4)
  2 ice beasts (D:6)
  An orc warrior (D:10)
  A sky beast (D:6)
  2 necrophages
  An ogre (D:5)
  3 centaurs
  A kobold brigand (D:9)
  A bullfrog (D:7)
  4 gnoll sergeants
  7 scorpions
  Dowan (D:4)
  A wyvern skeleton (D:7)
  15 killer bees
  2 bullfrog zombies
  A bullfrog skeleton (D:5)
  3 jellies
  A gnoll shaman (D:9)
  3 hounds (D:5)
  2 centaur skeletons
  7 orc priests
  Jessica (D:3)
  Terence (D:3)
  2 iguanas
  6 orc wizards
  A killer bee zombie (D:6)
  A hound skeleton (D:3)
  A howler monkey zombie (D:9)
  27 gnolls
  10 adders
  A shadow imp (D:7)
  An ufetubus (D:6)
  An adder zombie (D:5)
  A worm (D:2)
  A dart slug (D:5)
  35 orcs
  5 endoplasms
  2 giant cockroaches
  5 goblins
  6 hobgoblins
  5 quokkas
  10 ball pythons
  3 bats
  2 frilled lizards
  11 kobolds
  8 rats
246 creatures vanquished.

Vanquished Creatures (others)
  2 fungi (D:10)
  17 plants
19 creatures vanquished.

Grand Total: 265 creatures vanquished

Notes
Turn   | Place    | Note
-------+----------+-------------------------------------------
     0 | D:1      | olmar the Gargoyle Fighter began the quest for the Orb.
     0 | D:1      | Reached XP level 1. HP: 14/14 MP: 1/1
   438 | D:1      | Reached XP level 2. HP: 13/19 MP: 2/2
  1125 | D:2      | Noticed a necrophage
  1243 | D:2      | Reached XP level 3. HP: 17/23 MP: 3/3
  1745 | D:2      | Killed a necrophage
  1746 | D:2      | Reached skill level 3 in Maces & Flails
  1746 | D:2      | Reached XP level 4. HP: 24/29 MP: 4/4
  1746 | D:2      | Reached XP level 5. HP: 28/33 MP: 5/5
  1986 | D:2      | Found a faded altar of an unknown god.
  2099 | D:2      | Became a worshipper of Sif Muna the Loreminder
  2099 | D:2      | Reached * piety under Sif Muna
  2100 | D:2      | Fell from the grace of Sif Muna
  2352 | D:3      | Noticed Jessica
  2500 | D:3      | Killed Jessica
  2608 | D:3      | Noticed Terence
  2626 | D:3      | Killed Terence
  2627 | D:3      | Reached XP level 6. HP: 29/39 MP: 6/6
  2722 | D:3      | Reached skill level 4 in Maces & Flails
  3536 | D:4      | Noticed Sigmund
  3543 | D:4      | Killed Sigmund
  3544 | D:4      | Reached XP level 7. HP: 41/44 MP: 7/7
  3552 | D:4      | Reached skill level 5 in Fighting
  3552 | D:4      | Reached skill level 5 in Maces & Flails
  3552 | D:4      | Reached skill level 5 in Armour
  3773 | D:4      | Found Pyothowy's Antique Weapon Emporium.
  3905 | D:4      | Noticed Duvessa
  3905 | D:4      | Noticed Dowan
  3907 | D:4      | Killed Dowan
  3910 | D:4      | Killed Duvessa
  4511 | D:4      | Reached skill level 6 in Maces & Flails
  4607 | D:5      | Entered Level 5 of the Dungeon
  4713 | D:5      | Reached XP level 8. HP: 50/50 MP: 8/8
  5386 | D:5      | Reached skill level 7 in Maces & Flails
  5556 | D:5      | Found a shadowy altar of Dithmenos.
  5570 | D:5      | Found a sparkling altar of Nemelex Xobeh.
  5573 | D:5      | Found a burning altar of Makhleb.
  5576 | D:5      | Found an ornate altar of the Wu Jian Council.
  5585 | D:5      | Became a worshipper of the Wu Jian Council
  5738 | D:5      | Found a hide-covered altar of Uskayaw.
  5738 | D:5      | Found a hazy altar of Hepliaklqana.
  5823 | D:5      | Found a staircase to the Ecumenical Temple.
  6172 | D:6      | Reached skill level 5 in Shields
  6386 | D:6      | Reached XP level 9. HP: 24/55 MP: 9/9
  6558 | D:6      | Reached * piety under Wu Jian
  6763 | D:6      | Found a shimmering altar of Xom.
  6871 | D:6      | Reached skill level 8 in Maces & Flails
  7002 | D:6      | Found Gezi's Jewellery Boutique.
  8282 | D:7      | Reached skill level 9 in Maces & Flails
  8509 | D:8      | Reached ** piety under Wu Jian
  8633 | D:8      | Noticed a two-headed ogre
  8675 | D:8      | Killed a two-headed ogre
  8676 | D:8      | Reached XP level 10. HP: 38/63 MP: 10/10
  8850 | D:8      | Was forgiven by Sif Muna
  9256 | D:8      | Found a stormy altar of Qazlal.
  9289 | D:8      | Reached skill level 10 in Maces & Flails
  9321 | D:8      | Killed an unseen horror
  9574 | D:8      | Noticed speeev33's ghost (novice HOFi)
  9574 | D:8      | Noticed a kobold demonologist
  9592 | D:8      | Found a runed translucent gate.
  9592 | D:8      | Found a runed translucent gate.
  9594 | D:8      | Found a runed translucent gate.
  9867 | D:9      | Noticed a two-headed ogre
  9892 | D:9      | Killed a two-headed ogre
 10107 | D:9      | Identified the ring "Xol Pew" {Ice rCorr Int+3 SInv}
 10724 | D:10     | Entered Level 10 of the Dungeon
 10724 | D:10     | Noticed Josephine
 10991 | D:10     | Reached XP level 11. HP: 69/69 MP: 11/11
 11008 | D:9      | Reached *** piety under Wu Jian
 11024 | D:9      | Reached skill level 10 in Armour
 11325 | D:9      | Reached skill level 11 in Maces & Flails
 11680 | D:10     | Found a staircase to the Lair.
 11700 | D:10     | Noticed a two-headed ogre
 11701 | D:10     | Identified the +6 hand axe "Uroapsig" {venom, Int+3}
 12223 | D:10     | Noticed a two-headed ogre
 12237 | D:10     | Killed a two-headed ogre
 12661 | D:10     | Killed Josephine
 12667 | D:10     | Killed a two-headed ogre
 13168 | D:10     | Reached skill level 12 in Maces & Flails
 13703 | D:10     | Noticed Nergalle
 13977 | D:10     | Killed Nergalle
 14201 | D:11     | Noticed a boulder beetle
 14241 | D:11     | Killed a boulder beetle
 14242 | D:11     | Reached XP level 12. HP: 43/77 MP: 12/12
 14432 | D:11     | You fall into a shaft and drop 2 floors!
 14432 | D:13     | Noticed a boulder beetle
 14433 | D:13     | Noticed a rakshasa
 14436 | D:13     | Noticed a two-headed ogre
 14436 | D:13     | Noticed a rakshasa
 14436 | D:13     | Noticed a tengu warrior
 14471 | D:13     | Killed a tengu warrior
 14514 | D:13     | HP: 5/115 [tengu warrior (illusionary) (6)]
 14515 | D:13     | Killed from afar by a rakshasa

Illustrated notes

Levels and vault maps discovered:
D:1:      psy_arrival_dodecagon, layout_basic
D:2:      layout_basic, basic_ecumenical_altar
D:3:      layout_loops_ring, uniq_terence, uniq_jessica
D:4:      layout_loops_cross, serial_shops, nicolae_stop_n_shop_2,
          kennysheep_minor_cross, chequers_serial_rivers_small_b, minmay_vboxes,
          uniq_duvessa, uniq_sigmund
D:5:      minmay_angry_zag, layout_basic, grunt_temple_overflow_cloverleaf,
          mainiacjoe_overflow_divided_tiny, minmay_temple_entry_glassed_door
D:6:      corexii_shack_village, layout_loops_ring,
          mainiacjoe_overflow_concentric_impassable, serial_shops, shop
D:7:      layout_basic
D:8:      layout_rooms, lemuel_tele_altar, gammafunk_ghost_split
D:9:      layout_roguey
D:10:     hangedman_cross_stitches, layout_layer_cave, minmay_lair_entry_grove,
          minmay_misc_feat_doors, uniq_nergalle, uniq_josephine
D:11:     layout_basic, david_orc_3, chequers_serial_rivers_small_3,
          kennysheep_cross_room
D:13:     regret_index_harrowing_hell_hive, layout_rooms

Skill      XL: |  1  2  3  4  5  6  7  8  9 10 11 12 |
---------------+-------------------------------------+-----
Fighting       | 4 5 6 7 8 9 |  9.8
Maces & Flails | 3 4 6 7 9 10 12 | 12.2
Armour         | 4 5 6 8 9 11 | 11.8
Shields        | 4 5 6 7 8 |  8.0
Throwing       | |  0.3

Action                   |  1- 3 |  4- 6 |  7- 9 | 10-12 || total
-------------------------+-------+-------+-------+-------++-------
Melee: Flail             |    73 |   123 |       |       ||   196
       Whip              |       |    14 |   486 |   707 ||  1207
Throw: Throwing net      |       |       |       |     2 ||     2
Invok: Renounce Religion |       |     1 |       |       ||     1
       Lunge             |       |       |    18 |    14 ||    32
       Whirlwind         |       |       |    13 |    24 ||    37
 Abil: Wall Jump         |       |       |       |     1 ||     1
Evoke: Wand              |       |     1 |    41 |    51 ||    93
  Use: Potion            |       |       |     1 |    13 ||    14
       Scroll            |       |       |       |    13 ||    13
 Stab: Paralysed         |       |       |    20 |       ||    20
       Held in net/web   |       |       |       |     6 ||     6
Armor: Chain mail        |    39 |    84 |   235 |   357 ||   715
       Skin              |       |       |       |    70 ||    70
Dodge: Dodged            |    28 |    51 |   111 |   177 ||   367
Block: Buckler           |    14 |    31 |    59 |   123 ||   227

Table legend: (Time is in decaauts)
 A = Elapsed time spent in this place.
 B = Non-inter-level travel time spent in this place.
 C = Inter-level travel time spent in this place.
 D = Time resting spent in this place.
 E = Time spent auto-exploring this place.
 F = Levels seen in this place.
 G = Mean time per level.
                   A        B        C        D        E       F      G
               +--------+--------+--------+--------+--------+-----+--------+
         Total |  14142 |  13251 |    891 |   2781 |   8388 |  12 | 1178.5 |
       Dungeon |  14142 |  13251 |    891 |   2781 |   8388 |  12 | 1178.5 |
               +--------+--------+--------+--------+--------+-----+--------+

Top non-repeatable levels by time:
    D:10: 2141 daAuts
     D:9: 2024 daAuts
     D:5: 1510 daAuts
     D:6: 1457 daAuts
     D:1: 1297 daAuts
     D:8: 1263 daAuts
     D:4: 1191 daAuts
     D:2: 1167 daAuts
     D:3: 992 daAuts
     D:7: 791 daAuts
    D:11: 255 daAuts
    D:13: 49 daAuts
